 Dungeon Crawl Stone Soup version 0.28.0-53-g5a82cb258f (webtiles) character file.

Game seed: 5034192318720488882

101224 safid the Apostle (level 16, -5/159 HPs)
             Began as a Hill Orc Fighter on June 6, 2022.
             Was a High Priest of Beogh.
             Slain by a +0 battleaxe of venom (19 damage)
             ... on level 1 of the Elven Halls on June 7, 2022.
             The game lasted 01:44:30 (37228 turns).

safid the Apostle (Hill Orc Fighter)               Turns: 37228, Time: 01:44:31

Health: -5/159     AC: 26    Str: 26    XL:     16   Next: 29%
Magic:  24/29      EV:  8    Int:  4    God:    Beogh [*****.]
Gold:   629        SH:  5    Dex: 15    Spells: 15/15 levels left

rFire   + . .      SeeInvis .   K - +7 war axe of the Final Decision {flame, rCorr}
rCold   . . .      Faith    .   c - +0 buckler
rNeg    + + +      Spirit   .   J - +0 plate armour
rPois   .          Reflect  .   N - +0 helmet of Inquiry {rF+ rN+++ Str-5 Dex-3}
rElec   +          Harm     .   p - +5 cloak "Tumme" {Will+ Str+4 Dex+2}
rCorr   +          Rampage  .   h - +0 pair of gloves
Will    ++...                   k - +0 pair of boots
Stlth   ..........              (no amulet)
HPRegen 0.36/turn               o - ring "Faechod" {rElec rN+ rCorr Int-4 Dex+6}
MPRegen 0.21/turn               (no ring)

@: no status effects
A: walk on water
a: Renounce Religion, Smiting, Recall Orcish Followers, Give Item to Named
Follower


You were on level 1 of the Elven Halls.
You worshipped Beogh.
Beogh was extremely pleased with you.
You visited 4 branches of the dungeon, and saw 24 of its levels.
You also visited: Sewer, Ossuary, Gauntlet and Volcano.

You collected 3236 gold pieces.
You spent 2607 gold pieces at shops.

Inventory:

Hand Weapons
 n - the +10 rapier of Sulphur {flame, rCorr}
   (You found it on level 13 of the Dungeon)

   It burns those it strikes, dealing additional fire damage.
   rCorr:     It protects you from acid and corrosion.
 z - the +8 dagger of Contradiction {drain, Dex+2}
   (You found it in a Gauntlet)

   A truly terrible weapon, it drains the life of any living foe it strikes.
   Dex:       It affects your dexterity (+2).
 K - the +7 war axe of the Final Decision (weapon) {flame, rCorr}
   (You found it on level 9 of the Dungeon)

   It burns those it strikes, dealing additional fire damage.
   Big, fiery blades are also staple armaments of hydra-hunters.
   rCorr:     It protects you from acid and corrosion.
 X - a +4 broad axe of freezing
Missiles
 b - 4 javelins
 s - 26 poisoned darts (quivered)
 t - 3 curare-tipped darts
 H - 4 silver javelins
 I - 13 boomerangs
Armour
 c - a +0 buckler (worn)
 h - a +0 pair of gloves (worn)
 k - a +0 pair of boots (worn)
 p - the +5 cloak "Tumme" (worn) {Will+ Str+4 Dex+2}
   (You bought it in a shop on level 2 of the Orcish Mines)

   Str:       It affects your strength (+4).
   Dex:       It affects your dexterity (+2).
   Will:      It increases your willpower.
 J - a +0 plate armour (worn)
 N - the +0 helmet of Inquiry (worn) {rF+ rN+++ Str-5 Dex-3}
   (You found it in a Gauntlet)

   Str:       It affects your strength (-5).
   Dex:       It affects your dexterity (-3).
   rF:        It protects you from fire.
   rN:        It renders you almost immune to negative energy.
 Z - a +2 helmet of see invisible
Jewellery
 o - the ring "Faechod" (left hand) {rElec rN+ rCorr Int-4 Dex+6}
   (You bought it in a shop on level 2 of the Orcish Mines)

   [ring of positive energy]

   Int:       It affects your intelligence (-4).
   Dex:       It affects your dexterity (+6).
   rElec:     It insulates you from electricity.
   rN:        It protects you from negative energy.
   rCorr:     It protects you from acid and corrosion.
 y - a ring of fire
 D - a ring of ice
 P - a ring of fire
Wands
 l - a wand of iceblast (13)
 F - a wand of mindburst (30)
 G - a wand of acid (26)
 M - a wand of digging (15)
 S - a wand of polymorph (4)
 T - a wand of flame (14)
 V - a wand of paralysis (6)
Scrolls
 e - 7 scrolls of magic mapping
 q - 3 scrolls of blinking
 v - 8 scrolls of identify
 w - 11 scrolls of teleportation
 x - 5 scrolls of fog
 B - 4 scrolls of enchant armour
 C - 2 scrolls of silence
 E - a scroll of summoning
 Q - 5 scrolls of holy word
 R - 3 scrolls of fear
 U - a scroll of amnesia
Potions
 a - a potion of berserk rage
 d - 4 potions of might
 f - 2 potions of cancellation
 g - 5 potions of curing
 i - 3 potions of heal wounds
 j - 9 potions of lignification
 m - 5 potions of haste
 r - 4 potions of mutation
 u - 3 potions of invisibility
 A - 3 potions of flight
 O - 2 potions of brilliance
Miscellaneous
 L - a condenser vane
 W - a lightning rod (4/4)
 Y - a phial of floods


   Skills:
 + Level 18.6 Fighting
 - Level 16.0 Axes
 - Level 12.0 Armour
 - Level 2.0 Dodging
 - Level 4.0 Shields
 + Level 19.5 Invocations
 - Level 10.0 Evocations


You had 15 spell levels left.
You didn't know any spells.
Your spell library contained the following spells:

 Spells                   Type           Power      Damage    Failure   Level
 Apportation              Tloc           0%         N/A       99%         1
 Beastly Appendage        Tmut           0%         N/A       99%         1
 Magic Dart               Conj           0%         1d3       99%         1
 Sting                    Tmut/Pois      0%         1d3       99%         1
 Call Imp                 Summ           0%         N/A       100%        2
 Corpse Rot               Necr/Air       0%         N/A       100%        2
 Ensorcelled Hibernation  Hex/Ice        0%         N/A       100%        2
 Poisonous Vapours        Pois/Air       0%         N/A       100%        2
 Static Discharge         Conj/Air       0%         N/A       100%        2
 Wereblood                Tmut           0%         N/A       100%        2
 Call Canine Familiar     Summ           0%         N/A       100%        3
 Mephitic Cloud           Conj/Pois/Air  0%         N/A       100%        3
 Ozocubu's Armour         Ice            0%         N/A       100%        3
 Portal Projectile        Hex/Tloc       0%         N/A       100%        3
 Spider Form              Tmut/Pois      0%         N/A       100%        3
 Stone Arrow              Conj/Erth      0%         3d7       100%        3
 Anguish                  Hex/Necr       0%         N/A       100%        4
 Animate Armour           Summ/Erth      0%         N/A       100%        4
 Dispel Undead            Necr           0%         3d6       100%        4
 Leda's Liquefaction      Hex/Erth       0%         N/A       100%        4
 Sticky Flame             Conj/Fire      0%         2d3       100%        4
 Alistair's Intoxication  Tmut/Pois      0%         N/A       100%        5
 Fireball                 Conj/Fire      0%         3d3       100%        5
 Freezing Cloud           Conj/Ice/Air   0%         6-21      100%        5
 Iskenderun's Battlesphe  Conj           0%         2d6       100%        5
 Conjure Ball Lightning   Conj/Air       0%         3x3d6     100%        6
 Dispersal                Tloc           0%         N/A       100%        6
 Eringya's Noxious Bog    Tmut/Pois      0%         N/A       100%        6
 Iron Shot                Conj/Erth      0%         9d1       100%        6
 Orb of Destruction       Conj           0%         9d5       100%        7
 Ozocubu's Refrigeration  Ice            0%         4d5       100%        7
 Spellforged Servitor     Conj/Summ      0%         N/A       100%        7
 Disjunction              Tloc           0%         N/A       100%        8
 Lehudib's Crystal Spear  Conj/Erth      0%         10d2      100%        8
 Polar Vortex             Ice            0%         N/A       100%        9


Dungeon Overview and Level Annotations

Branches:
Dungeon (15/15)            Temple (0/1) D:4            Lair (6/6) D:11
 Shoals (0/4) Lair:2       Spider (0/4) Lair:2        Slime (0/5) Lair:6
    Orc (2/2) D:11            Elf (1/3) Orc:2        Vaults (0/5) D:13
 Depths (0/4) D:15          Sewer (visited)         Ossuary (visited)
Volcano (visited)         Gauntlet (visited)

Altars:
Cheibriados
Dithmenos
Hepliaklqana
Kikubaaqudgha
Trog
Uskayaw
Wu Jian
The Shining One
Jiyva

Shops:
D:4 *   D:5 *   D:15 [   Orc:2 (*=[

Annotations:
D:12 1 runed translucent door


Message History

You feel very sick.
The deep elf pyromancer hits you but does no damage.
You block the +0 battleaxe of venom's attack.
There is a staircase back to the Mines here.
Unknown command.
You feel much better.
You feel very sick. The fire elemental hits you.
The +0 battleaxe of venom hits you!
* * * LOW HITPOINT WARNING * * *
The deep elf pyromancer hits you with a +2 rapier of draining.
* * * LOW HITPOINT WARNING * * *
The fire elemental barely misses you.
You block the +0 battleaxe of venom's attack.
Aiming: Smiting
Press: ? - help, Dir - move target, f - deep elf pyromancer Smite: a deep elf pyromancer, wielding a +2 rapier of draining (severely wounded)
You smite the deep elf pyromancer!!
You kill the deep elf pyromancer!
Beogh accepts your kill.
The fire elemental disappears in a puff of smoke!
You feel very sick. The +0 battleaxe of venom hits you!
* * * LOW HITPOINT WARNING * * *
You feel better.
The +0 battleaxe of venom closely misses you.
You barely miss the +0 battleaxe of venom.
The +0 battleaxe of venom is moderately damaged.
The +0 battleaxe of venom hits you!!
* * * LOW HITPOINT WARNING * * *
You are lethally poisoned!
Unknown command.
You feel better. The +0 battleaxe of venom hits you!!
* * * LOW HITPOINT WARNING * * *
Aiming: Smiting
Press: ? - help, Dir - move target, f - +0 battleaxe of venom Smite: a +0 battleaxe of venom (lightly damaged)
You smite the +0 battleaxe of venom!!
The +0 battleaxe of venom is almost destroyed.
The +0 battleaxe of venom hits you!!
You die...

#########
#....?..#
#.......#
#.⌠.@§⌠.#
#..§.(..#
#..§§§).#
#.#####)#
#......)#
..#.......#.
#..#.⌠...⌠.#..#
##.#.......#..#
###.......##.#


You could see a +0 battleaxe of venom.

Vanquished Creatures
  Rupert (Lair:3)
  An orc warlord (Orc:1)
  A minotaur (shapeshifter) (D:15)
  A minotaur (Gauntlet)
  Nessos (D:13)
  Fannar (D:10)
  A vault guard (D:13)
  A catoblepas (Lair:3)
  9 hydras
  3 boulder beetles
  5 centaur warriors
  4 two-headed ogres
  An alligator (Lair:6)
  11 death yaks
  A tengu warrior (D:13)
  A deep elf knight (D:14)
  A fire crab (Lair:6)
  A goliath frog (Lair:6)
  7 skeletal warriors
  A death drake (Gauntlet)
  3 orc knights
  3 wizards (D:13)
  A necromancer (D:13)
  5 deep elf pyromancers
  2 ugly things
  2 orc sorcerers (Orc:2)
  2 manticores (D:15)
  3 cyclopes
  2 wolf spiders
  15 elephants
  5 black mambas
  Maurice (D:10)
  5 gargoyles
  A torpor snail (Lair:3)
  An unseen horror (D:13)
  20 cane toads
  4 rime drakes
  3 yaktaurs (D:15)
  A tengu conjurer (D:15)
  14 komodo dragons
  An efreet (D:14)
  A merfolk (Lair:2)
  3 polar bears
  A hornet (D:8)
  2 trolls
  3 tyrant leeches (Lair:6)
  A wind drake (shapeshifter) (D:13)
  A meliai zombie (Gauntlet)
  4 slime creatures
  A raiju (D:14)
  19 blink frogs
  A blink frog (shapeshifter) (D:11)
  2 culicivoras
  A spriggan (Lair:5)
  5 wraiths
  6 water elementals (D:15)
  5 wyverns
  45 yaks
  6 basilisks
  13 humans (D:13)
  3 steam dragons
  13 vampire mosquitoes
  2 acid dragons
  Duvessa (D:7)
  14 water moccasins
  7 orc warriors
  4 black bears
  2 ice beasts
  2 sky beasts
  8 ogres
  8 centaurs
  A necrophage (D:7)
  8 boggarts
  4 wolves (Lair:5)
  4 kobold brigands
  23 bullfrogs
  3 elf skeletons (D:4)
  A gnoll sergeant (Orc:2)
  A water moccasin zombie (D:6)
  3 water moccasin skeletons
  Dowan (D:7)
  10 wights
  2 electric eels
  7 howler monkeys
  2 centaur zombies
  A bullfrog zombie (D:6)
  3 human zombies
  A gnoll shaman (D:6)
  2 jellies
  4 orc priests
  A centaur skeleton (D:6)
  6 hounds
  2 bullfrog skeletons (D:6)
  A human skeleton (D:4)
  3 iguanas
  14 orc wizards
  A hound skeleton (D:4)
  3 mummies (Ossuary)
  13 gnolls
  6 adders
  A shadow imp (D:5)
  3 white imps
  An ufetubus (D:5)
  An adder skeleton (D:5)
  5 worms
  2 dart slugs
  32 orcs
  7 endoplasms
  5 giant cockroaches
  2 gnoll zombies (Ossuary)
  8 hobgoblins
  12 jackals
  19 kobolds
  3 quokkas
  14 ball pythons
  7 bats
  5 frilled lizards
  5 goblins
  2 goblin zombies (Ossuary)
  A hobgoblin zombie (Ossuary)
  4 orc skeletons (D:4)
  3 orc zombies
  A quokka skeleton (D:4)
  9 rats
614 creatures vanquished.

Vanquished Creatures (collateral kills)
  A dire elephant (D:14)
  Josephine (D:14)
  A vault guard (D:13)
  A hydra (Lair:4)
  2 centaur warriors (D:14)
  A tengu warrior (D:15)
  2 orc high priests (Orc:2)
  2 skeletal warriors (D:14)
  A deep elf archer (D:14)
  3 orc knights
  A necromancer (D:13)
  A cyclops (D:15)
  An elephant (D:14)
  A naga mage (D:15)
  A cane toad (Lair:5)
  2 yaktaurs (D:15)
  2 trolls (Orc:2)
  3 slime creatures (D:13)
  3 wraiths
  A yak (Lair:4)
  3 humans (D:13)
  A vampire mosquito (D:12)
  3 wargs
  6 orc warriors
  A wolf (Lair:5)
  2 centaurs (D:13)
  4 ogres (Orc:2)
  2 orc priests (Orc:2)
  4 orc wizards
  4 gnolls (Orc:2)
  5 orcs
66 creatures vanquished.

Vanquished Creatures (others)
  An orc high priest (Lair:5)
  An orc knight (Orc:1)
  2 orc sorcerers
  7 orc warriors
  2 orc priests (Elf:1)
  5 orc wizards
  18 orcs
  83 fungi
  152 plants
271 creatures vanquished.

Grand Total: 951 creatures vanquished

Notes
Turn   | Place    | Note
-------+----------+-------------------------------------------
     0 | D:1      | safid the Hill Orc Fighter began the quest for the Orb.
     0 | D:1      | Reached XP level 1. HP: 19/19 MP: 1/1
    47 | D:1      | Found a faded altar of an unknown god.
    66 | D:1      | Got Plato's Papyrus of Poisoning
   143 | D:1      | Reached XP level 2. HP: 25/27 MP: 2/2
   688 | D:2      | Reached XP level 3. HP: 32/33 MP: 3/3
  1001 | D:2      | Found an ornate altar of the Wu Jian Council.
  1461 | D:3      | Reached XP level 4. HP: 5/40 MP: 4/4
  1752 | D:3      | Found a hazy altar of Hepliaklqana.
  1802 | D:3      | Found a glowing drain.
  1813 | Sewer    | Entered a sewer
  1980 | Sewer    | Noticed a kobold brigand
  2002 | Sewer    | Killed a kobold brigand
  2003 | Sewer    | Reached skill level 5 in Axes
  2003 | Sewer    | Reached XP level 5. HP: 16/46 MP: 5/5
  2246 | Sewer    | Noticed a kobold brigand
  2258 | Sewer    | Killed a kobold brigand
  2259 | Sewer    | Reached XP level 6. HP: 24/52 MP: 6/6
  2761 | D:3      | Found a glowing golden altar of the Shining One.
  3172 | D:4      | Found a staircase to the Ecumenical Temple.
  3272 | D:4      | Reached XP level 7. HP: 33/59 MP: 7/7
  3379 | D:4      | Found a sand-covered staircase.
  3384 | Ossuary  | Entered an ossuary
  3505 | Ossuary  | Reached skill level 10 in Axes
  3849 | D:4      | Reached XP level 8. HP: 66/66 MP: 8/8
  3878 | D:4      | Found Bipsucvi's Serpentskin Sales.
  3924 | D:4      | Bought 6 curare-tipped darts for 50 gold pieces
  3924 | D:4      | Bought 2 curare-tipped darts for 16 gold pieces
  4306 | D:5      | Entered Level 5 of the Dungeon
  4417 | D:5      | Noticed a yak
  4417 | D:5      | Noticed a yak
  4435 | D:5      | Noticed a yak
  4468 | D:3      | Killed a yak
  4717 | D:4      | Killed a yak
  4725 | D:4      | Killed a yak
  5151 | D:5      | Found Xivedd's General Store.
  5156 | D:5      | Bought 2 potions of lignification for 60 gold pieces
  5156 | D:5      | Bought a scroll of amnesia for 35 gold pieces
  5199 | D:5      | Reached XP level 9. HP: 71/71 MP: 9/9
  5691 | D:5      | Identified the +5 scale mail of Dutsuqemm {-Tele Harm
                  | Rampage Fly}
  6236 | D:6      | Identified the +1 ring mail of Bitterness {rF- Int+7}
  6308 | D:6      | Became a worshipper of Beogh the Brigand
  6336 | D:6      | Reached skill level 15 in Axes
  7022 | D:7      | Reached skill level 1 in Invocations
  7024 | D:7      | Reached * piety under Beogh
  7027 | D:7      | Reached skill level 1 in Evocations
  7029 | D:7      | Reached skill level 2 in Invocations
  7372 | D:7      | Reached skill level 5 in Fighting
  7372 | D:7      | Reached skill level 3 in Invocations
  7372 | D:7      | Reached XP level 10. HP: 79/81 MP: 12/12
  7503 | D:7      | Noticed Duvessa
  7504 | D:7      | Noticed Dowan
  7523 | D:7      | Killed Duvessa
  7524 | D:7      | Reached skill level 5 in Armour
  7530 | D:7      | Killed Dowan
  8031 | D:7      | Found an ancient bone altar of Kikubaaqudgha.
  8031 | D:7      | Found a bloodstained altar of Trog.
  8038 | D:7      | Found a faded altar of an unknown god.
  8040 | D:7      | Found a snail-covered altar of Cheibriados.
  8042 | D:7      | Found a faded altar of an unknown god.
  8285 | D:8      | Paralysed by a hornet for 2 turns
  8289 | D:8      | Reached skill level 4 in Invocations
  8778 | D:8      | Found a shadowy altar of Dithmenos.
  9193 | D:9      | Reached ** piety under Beogh
  9404 | D:9      | Reached skill level 5 in Invocations
  9553 | D:9      | Identified the +7 war axe of the Final Decision {flame,
                  | rCorr}
  9567 | D:9      | Identified the +7 quarterstaff of the Lair of Beasts
                  | {vorpal, Int+2}
 10332 | D:10     | Entered Level 10 of the Dungeon
 10607 | D:10     | Noticed a two-headed ogre
 10623 | D:10     | Killed a two-headed ogre
 10624 | D:10     | Reached skill level 6 in Invocations
 10628 | D:10     | Reached XP level 11. HP: 68/92 MP: 15/15
 10731 | D:10     | Reached skill level 5 in Evocations
 11124 | D:10     | Noticed a purple ugly thing
 11138 | D:10     | Killed a purple ugly thing
 11139 | D:10     | Reached skill level 7 in Invocations
 11358 | D:10     | Noticed Fannar
 11371 | D:10     | Killed Fannar
 11652 | D:10     | Noticed Maurice
 11658 | D:10     | Killed Maurice
 12131 | D:11     | Found a staircase to the Lair.
 12203 | D:11     | Noticed a boulder beetle
 12215 | D:11     | Reached skill level 8 in Invocations
 12241 | D:11     | Killed a boulder beetle
 12474 | D:11     | Found a staircase to the Orcish Mines.
 12871 | Lair:1   | Entered Level 1 of the Lair of Beasts
 12952 | Lair:1   | Found a dark tunnel.
 12961 | Volcano  | Entered a volcano
 12981 | Volcano  | Noticed a two-headed ogre
 12989 | Volcano  | Killed a two-headed ogre
 12989 | Volcano  | Reached *** piety under Beogh
 13146 | Volcano  | Noticed a hell knight
 13146 | Volcano  | Noticed a two-headed ogre
 13152 | Volcano  | Killed a two-headed ogre
 13163 | Volcano  | Noticed a two-headed ogre
 13507 | Lair:1   | Noticed a five-headed hydra
 13513 | Lair:1   | Killed a one-headed hydra
 13516 | Lair:1   | Reached skill level 9 in Invocations
 13817 | Lair:1   | Reached XP level 12. HP: 99/105 MP: 18/18
 14524 | Lair:1   | Noticed a six-headed hydra
 14556 | D:11     | Killed a one-headed hydra
 14841 | Lair:1   | Reached skill level 10 in Fighting
 15012 | Lair:1   | Reached skill level 10 in Invocations
 15407 | Lair:2   | Found a hole to the Spider Nest.
 15897 | Lair:2   | Noticed an eight-headed hydra
 15914 | Lair:2   | Killed a three-headed hydra
 16296 | Lair:2   | Reached skill level 10 in Armour
 16974 | Lair:2   | Reached skill level 11 in Invocations
 17070 | Lair:2   | Noticed a six-headed hydra
 17079 | Lair:2   | Killed a two-headed hydra
 18181 | Lair:2   | Found a staircase to the Shoals.
 18449 | Lair:3   | Noticed Rupert
 18456 | Lair:3   | Killed Rupert
 18457 | Lair:3   | Reached XP level 13. HP: 116/116 MP: 11/21
 18765 | Lair:3   | Reached skill level 12 in Invocations
 20448 | Lair:4   | Reached **** piety under Beogh
 20654 | Lair:4   | Identified the +0 bardiche "Ela Fus" {holy, rN++ MP+9
                  | Dex-5}
 21737 | Lair:5   | Reached skill level 13 in Invocations
 21964 | Lair:5   | Identified a scroll of acquirement
 21965 | Lair:5   | Acquired 1056 gold pieces
 22270 | Lair:5   | Gained Murdo as an ally
 22273 | Lair:5   | Reached ***** piety under Beogh
 22274 | Lair:5   | Reached XP level 14. HP: 115/129 MP: 24/24
 22280 | Lair:5   | Your ally Murdo died
 23330 | Lair:5   | Reached skill level 1 in Dodging
 23330 | Lair:5   | Reached skill level 14 in Invocations
 23466 | Lair:6   | Entered Level 6 of the Lair of Beasts
 23475 | Lair:5   | Reached skill level 10 in Evocations
 25493 | Lair:6   | Reached skill level 15 in Invocations
 26213 | Lair:5   | Reached skill level 15 in Fighting
 26980 | Lair:6   | Found a viscous altar of Jiyva.
 26980 | Lair:6   | Found a staircase to the Slime Pits.
 27037 | Lair:6   | Reached skill level 16 in Invocations
 27232 | Lair:6   | Found the +6 arbalest "Damnation" {damnation}
 27429 | Lair:6   | Reached XP level 15. HP: 126/141 MP: 27/27
 27894 | Orc:1    | Entered Level 1 of the Orcish Mines
 27934 | Orc:1    | Gained Orkwin as an ally
 28374 | Orc:2    | Entered Level 2 of the Orcish Mines
 28378 | Orc:2    | Noticed an orc warlord
 28382 | Orc:2    | Found Eckua's General Store.
 28671 | Orc:2    | HP: 6/143 [orc knight/+1 battleaxe (12)]
 28674 | Orc:1    | Gained Brandogh as an ally
 28679 | Orc:1    | Killed an orc warlord
 28679 | Orc:1    | Your ally Orkwin died
 29155 | Orc:2    | Found a staircase to the Elven Halls.
 29317 | Orc:2    | Bought a scroll of identify for 24 gold pieces
 29317 | Orc:2    | Bought a scroll of identify for 24 gold pieces
 29338 | Orc:2    | Found Wumep's Antique Armour Emporium.
 29866 | Orc:2    | Bought a bloodstained cloak for 294 gold pieces
 29866 | Orc:2    | Identified the +5 cloak "Tumme" {Will+ Str+4 Dex+2} (You
                  | bought it in a shop on level 2 of the Orcish Mines)
 29927 | Orc:2    | Found Tafuamopt's Antique Weapon Emporium.
 30085 | Orc:2    | Found Liemny Aduwn's Jewellery Shoppe.
 30094 | Orc:2    | Bought the ring "Faechod" {rElec rN+ rCorr Int-4 Dex+6} for
                  | 744 gold pieces
 30238 | Orc:2    | Bought a twisted spear for 168 gold pieces
 30238 | Orc:2    | Identified the +7 spear of Gifrar {venom, rF+ Int+2 SInv}
                  | (You bought it in a shop on level 2 of the Orcish Mines)
 30256 | Orc:2    | Bought a phial of floods for 480 gold pieces
 30256 | Orc:2    | Bought a condenser vane for 480 gold pieces
 30274 | Orc:2    | Bought a glowing helmet for 232 gold pieces
 30309 | Orc:1    | Gained Geork as an ally
 31272 | D:12     | Found a runed translucent door.
 31286 | D:12     | Found the brooch of Shielding {Spirit SH+8}
 31531 | D:12     | Reached skill level 17 in Invocations
 31827 | D:13     | Noticed Nessos
 31830 | D:13     | Killed Nessos
 31984 | D:13     | Gained Bolgrim as an ally
 32026 | D:13     | Got the Handbook of the Nocuous Glacier
 32172 | D:13     | Found a gate to the Vaults.
 32194 | D:13     | Identified the +10 rapier of Sulphur {flame, rCorr}
 32244 | D:13     | Found a gate leading to a gauntlet.
 32253 | Gauntlet | Entered a Gauntlet
 32253 | Gauntlet | Found a transporter.
 32438 | Gauntlet | Found a transporter.
 32454 | Gauntlet | Found a transporter.
 32458 | Gauntlet | Found a transporter.
 32468 | Gauntlet | Found a transporter.
 32488 | Gauntlet | Found a transporter.
 32491 | Gauntlet | Found a transporter.
 32495 | Gauntlet | Found a transporter.
 32522 | Gauntlet | Found a transporter.
 32539 | Gauntlet | Found a transporter.
 32543 | Gauntlet | Found a transporter.
 32551 | Gauntlet | Found a transporter.
 32698 | Gauntlet | Identified the +0 helmet of Inquiry {rF+ rN+++ Str-5 Dex-3}
 32819 | Gauntlet | Found the +5 robe of Misfortune {Harm *Corrode *Slow EV+5}
 32825 | Gauntlet | Identified the +8 dagger of Contradiction {drain, Dex+2}
 33372 | D:13     | Reached skill level 18 in Invocations
 34602 | D:14     | Found a hide-covered altar of Uskayaw.
 34865 | D:14     | Noticed Josephine
 34878 | D:14     | Killed Josephine
 34882 | D:14     | Gained Geork as an ally
 35127 | D:14     | Reached XP level 16. HP: 93/157 MP: 29/29
 35389 | D:15     | Entered Level 15 of the Dungeon
 35513 | D:15     | Found Udute's Armour Emporium.
 35569 | D:15     | Found a staircase to the Depths.
 35777 | D:15     | Reached skill level 19 in Invocations
 37195 | Elf:1    | Entered Level 1 of the Elven Halls
 37228 | Elf:1    | Slain by a +0 battleaxe of venom

Illustrated notes

Levels and vault maps discovered:
D:1:      shiori_arrival_elements, layout_basic,
          shapermc_ecumenical_altar_rom_forum, kennysheep_minor_cross,
          minmay_close_crescents
D:2:      layout_loops_cross, basic_altar
D:3:      layout_basic, mainiacjoe_overflow_cross_hatched,
          nicolae_hepliaklqana_hazy_memory, cheibrodos_sewer_entry_sluice
D:4:      layout_cave_pools, minmay_temple_entry_mist,
          nicolae_ossuary_entry_catacombs, minmay_fountain_box,
          guppyfry_shop_venom
D:5:      layout_gridville, serial_shops, shop, minivault_4, grunt_ministairs_7
D:6:      layout_gridville, minmay_circle_x
D:7:      layout_cave_pools, chequers_temple_overflow_minitemple, uniq_duvessa
D:8:      layout_loops_ring, grunt_dithmenos_smoke_and_mirrors
D:9:      layout_gridville
D:10:     gammafunk_indiana_jones, layout_basic, uniq_maurice, uniq_fannar
D:11:     layout_loops_ring, david_lair_generic, orc_0_dummy,
          grunt_decor_fettered
D:12:     layout_layer_cave, kennysheep_treasure_room
D:13:     layout_irregular_city, grunt_vaults_entry_tiered,
          gauntlet_entry_generic, uniq_nessos
D:14:     layout_irregular_city, nicolae_uskayaw_en_pointe,
          beargit_elvish_explorers, uniq_josephine
D:15:     hangedman_depths_entry_try_elsewhere_first, layout_basic,
          grunt_decor_one_mirror, serial_shops, shop, minmay_misc_feat_five
Lair:1:   layout_roguey, enter_volcano_1, infiniplex_staircase_pool_2
Lair:2:   layout_layer_cave, elwin_shoals_entry_rooms,
          spider_nest_entry_funnel_web, nicolae_quartered_pool_super,
          st_stairs_11, serial_bayou_lagoon_a, minmay_holes,
          chequers_serial_rivers_large_b
Lair:3:   layout_misc_corridors, st_stairs_4, minmay_shattered_shrine,
          uniq_rupert
Lair:4:   layout_roguey
Lair:5:   layout_concentric_octagons, grunt_forest_large_clearing_hut,
          infiniplex_staircase_pool
Lair:6:   minmay_lair_end_frog_pond, layout_loops_ring,
          dpeg_slime_entry_enclosed_altar
Orc:1:    layout_diamond_mine
Orc:2:    grunt_orc_gardens, layout_caves, grunt_orc_garden, grunt_orc_garden,
          grunt_orc_garden, grunt_orc_garden
Elf:1:    nicolae_elf_arrival_fired_up, layout_geoelf_grid,
          minmay_elf_annihilation, hangedman_elven_crosses_minicolossus,
          minmay_shop_star

Skill      XL: |  1  2  3  4  5  6  7  8  9 10 11 12 13 14 15 16 |
---------------+-------------------------------------------------+-----
Axes           | 3 5 6 9 10 13 16 | 16.0
Fighting       | 4 5 7 9 11 13 15 17 18 | 18.6
Armour         | 4 6 8 10 12 | 12.0
Shields        | 4 |  4.0
Invocations    | 3 6 9 11 13 16 18 19 | 19.5
Evocations     | 2 4 6 8 9 10 | 10.0
Dodging        | 2 |  2.0

Action                   |  1- 3 |  4- 6 |  7- 9 | 10-12 | 13-15 | 16-18 || total
-------------------------+-------+-------+-------+-------+-------+-------++-------
Melee: War axe           |    98 |   160 |   418 |   497 |   942 |   134 ||  2249
Throw: Dart              |       |       |    15 |    22 |       |       ||    37
Invok: Convert to Beogh  |       |       |     1 |       |       |       ||     1
       Smiting           |       |       |       |     3 |    11 |     2 ||    16
       Recall Orcish Fol |       |       |       |       |     9 |     1 ||    10
       Give Item to Name |       |       |       |       |     4 |     1 ||     5
       Stop Recall       |       |       |       |       |     3 |     1 ||     4
Evoke: Wand              |       |       |       |     8 |       |       ||     8
  Use: Potion            |       |     1 |     1 |     5 |     3 |     3 ||    13
       Scroll            |       |       |     9 |     6 |    19 |       ||    34
 Stab: Petrified         |       |       |       |       |     7 |       ||     7
       Distracted        |       |       |       |       |     4 |       ||     4
       Confused          |       |       |       |       |     4 |       ||     4
       Invisible         |       |       |       |       |     2 |       ||     2
Armor: Scale mail        |    43 |    90 |   161 |     5 |       |       ||   299
       Plate armour      |       |       |       |   240 |   499 |   120 ||   859
Dodge: Dodged            |    52 |    83 |   129 |   129 |   241 |    43 ||   677
Block: Buckler           |    20 |    39 |    61 |    69 |   150 |    31 ||   370
